 Dungeon Sprint DCSS version 0.21.1-1-g345015f (webtiles) character file.

116 Fang the Skirmisher (level 4, -11/72 HPs)
             Began as a Minotaur Berserker on Apr 23, 2018.
             Was a Priest of Trog.
             Mangled by a red devil
             ... wielding a +0 trident
             ... summoned by a kobold demonologist
              (20 damage)
             ... in the Dungeon (Sprint III: "The Ten Rune Challenge").
             The game lasted 00:01:07 (310 turns).

Fang the Skirmisher (Minotaur Berserker)             Turns: 310, Time: 00:01:08

Health: -11/72     AC:  2    Str: 27    XL:     4   Next: 70%
Magic:  3/3        EV: 13    Int:  4    God:    Trog [***...]
Gold:   0          SH:  0    Dex: 10    Spells: 3/3 levels left

rFire    . . .     SeeInvis .   a - +0 hand axe
rCold    . . .     Gourm    .   (no shield)
rNeg     . . .     Faith    .   b - +0 animal skin
rPois    .         Spirit   .   (helmet restricted)
rElec    .         Reflect  .   (no cloak)
rCorr    .         Harm     .   (no gloves)
MR       .....     NoTele   +   (no boots)
Stlth    ..........             (no amulet)
HPRegen  0.22/turn              (no ring)
MPRegen  0.08/turn              (no ring)

@: berserking, very quick
A: retaliatory headbutt, horns 2
a: Berserk, Trog's Hand, Burn Spellbooks, Renounce Religion


You were in the Dungeon.
You worshipped Trog.
Trog was most pleased with you.
You were hungry.

You visited 1 branch

Inventory:

Hand Weapons
 a - a +0 hand axe (weapon)
Armour
 b - a +0 animal skin (worn)
Scrolls
 i - a scroll of blinking
Potions
 d - a potion of curing
 e - a potion of heal wounds
 f - a potion of haste
 g - 2 potions of magic
 h - a potion of berserk rage
Comestibles
 c - 2 rations


   Skills:
 + Level 7.8 Fighting
 + Level 7.8 Axes
 + Level 4.4 Armour
 + Level 3.8 Dodging
 + Level 1.0 Stealth


You had 3 spell levels left.
You didn't know any spells.

Dungeon Overview and Level Annotations

Branches:
Dungeon (1/1)

Altars:
Kikubaaqudgha
Sif Muna
Vehumet


Innate Abilities, Weirdness & Mutations

You reflexively headbutt those who attack you in melee.
You have a pair of horns on your head.


Message History

The red devil barely misses you.
The kobold demonologist looks encouraged for a moment.
You hit the iron imp but do no damage.
You headbutt the iron imp, but do no damage.
The iron imp is lightly wounded.
The red devil hits you from afar with a trident!
The iron imp hits you!
* * * LOW HITPOINT WARNING * * *
The kobold demonologist looks satisfied for a moment.
A red film seems to cover your vision as you go berserk!
You feel yourself moving faster!
You feel mighty!
You are feeling hungry.
The red devil hits you from afar with a trident!
* * * LOW HITPOINT WARNING * * *
The iron imp completely misses you.
All of the chunks of flesh in your inventory have rotted away.
You barely miss the iron imp.
The iron imp is lightly wounded.
The red devil hits you from afar with a trident!!
You die...

.#...#### ##.# .#......##
#..# ##....†..# #..#
.##.##...# #..###+#+###+
.##.###..# +#..#.........
####.##..# #...'.⌠.......
##..##..####...#...######
....##†.###....#.⌠.#
#..##...##.....#@..#
..##....#......#5###
.###..##.#.....#54 .#
#..#####....#K__ ▓▓ ▓▓▓▓
▓▓▓▓▓▓▓▓▓▓


You could see a kobold demonologist, a red devil, an iron imp and a shadow imp.

Vanquished Creatures
  A water elemental (D)
  A wizard (D)
  A human (D)
  An ooze (D)
  A phantom (D)
  3 rats (D)
8 creatures vanquished.

Vanquished Creatures (others)
  2 draconian scorchers (D)
  2 yaktaurs (D)
  6 hellions (D)
  2 plants (D)
12 creatures vanquished.

Grand Total: 20 creatures vanquished

Notes
Turn   | Place    | Note
-------+----------+-------------------------------------------
     0 | D        | Fang the Minotaur Berserker began the quest for the Orb.
     0 | D        | Reached XP level 1. HP: 19/19 MP: 0/0
    27 | D        | Reached ** piety under Trog
    62 | D        | Killed a hellion
    62 | D        | Killed a hellion
   102 | D        | Reached XP level 2. HP: 28/28 MP: 1/1
   105 | D        | Reached skill level 5 in Fighting
   105 | D        | Reached skill level 5 in Axes
   105 | D        | Reached XP level 3. HP: 37/37 MP: 2/2
   121 | D        | Killed a white draconian scorcher
   124 | D        | Killed a hellion
   131 | D        | Killed a white draconian scorcher
   140 | D        | Killed a hellion
   155 | D        | Killed a hellion
   157 | D        | Killed a hellion
   187 | D        | Killed a yaktaur
   191 | D        | Noticed a water elemental
   197 | D        | Killed a water elemental
   197 | D        | Reached *** piety under Trog
   197 | D        | Reached XP level 4. HP: 43/47 MP: 3/3
   228 | D        | Killed a yaktaur
   304 | D        | Found a radiant altar of Vehumet.
   304 | D        | Found a deep blue altar of Sif Muna.
   304 | D        | Found an ancient bone altar of Kikubaaqudgha.
   304 | D        | Noticed a wizard
   306 | D        | Noticed a red devil
   306 | D        | Killed a wizard
   306 | D        | Reached skill level 1 in Stealth
   310 | D        | Mangled by a red devil

Skill      XL: |  1  2  3  4 |
---------------+-------------+-----
Fighting       | 4 5 7 |  7.8
Axes           | 4 5 7 |  7.8
Armour         | 3 4 |  4.4
Dodging        | 3 |  3.8
Stealth        | 1 |  1.0

Action                   |  1- 3 |  4- 6 || total
-------------------------+-------+-------++-------
Melee: Hand axe          |    15 |     5 ||    20
       Headbutt          |     2 |     2 ||     4
Invok: Berserk           |     2 |     1 ||     3
 Stab: Sleeping          |     1 |       ||     1
Armor: Animal skin       |     2 |       ||     2
Dodge: Dodged            |     6 |     2 ||     8
